Map: Kairos Junction LE

Players

NaZa

  • Race: Zerg Zerg
  • League: Diamond
  • Spawn Location: 11:00

Leon - Winner!

  • Race: Terran Terran
  • League: Diamond
  • Spawn Location: 5:00

VOD

Have the link to the VOD?

Description

Strong timing attack vrs zerg that transitions into mech

Time

  • Played on: Dec. 22, 2018, 3:19 a.m.
  • Length: 6:15
Show
View Real Time Build Order
Export as new Build Order

NaZa Zerg 

Build Orders: Hatch First 

Get SALT Encoding   

  12  0:01  Drone  
  13  0:08  Drone  
  14  0:17  Overlord  
  14  0:35  Drone x3  
  17  0:47  Drone  
  18  0:57  Hatchery  
  18  1:01  Drone  
  18  1:09  Drone  
  19  1:11  Extractor  
  18  1:19  Spawning Pool  
  18  1:21  Drone  
  18  1:30  Drone  
  19  1:40  Drone  
  20  1:51  Drone  
  21  2:02  Drone  
  21  2:08  Queen  
  22  2:09  Queen  
  22  2:13  Zergling x4  
  22  2:15  Metabolic Boost  
  28  2:22  Overlord  
  28  2:23  Overlord  
  27  2:56  Drone  
  27  2:57  Drone x5  
  33  3:04  Queen  
  35  3:15  Drone x2  
  37  3:23  Hatchery  
  37  3:25  Drone  
  37  3:26  Drone  
  38  3:30  Zergling x8  
  41  3:39  Drone  
  42  3:55  Drone x2  
  43  4:11  Overlord x3  
  41  4:18  Zergling x6  
  41  4:20  Overlord  
  41  4:21  Overlord  
  41  4:24  Extractor  
  42  4:25  Lair  
  42  4:28  Extractor  
  41  4:47  Zergling x4  
  41  4:48  Drone, Zergling x4  
  41  4:52  Drone x4, Queen  
  50  4:59  Extractor  
  52  5:07  Zergling x10  
  52  5:08  Zergling x4  
  58  5:24  Zergling x10  
  59  5:33  Zergling x2  
  59  5:34  Zergling x12  
  58  5:42  Zergling x4  
  51  5:52  Baneling Nest  
  39  6:07  Spine Crawler  
Show
View Real Time Build Order
Export as new Build Order

Leon Terran - Winner!

Build Orders: Gas First Reaper Expand, Hellion Opening 

Get SALT Encoding   

  12  0:01  SCV  
  13  0:15  SCV  
  13  0:18  Supply Depot  
  14  0:27  SCV  
  15  0:29  Refinery  
  15  0:39  SCV  
  16  0:45  Barracks  
  16  0:52  SCV  
  17  1:05  SCV  
  18  1:21  SCV  
  19  1:33  Orbital Command, Reaper  
  20  1:50  Command Center  
  20  1:59  Factory  
  20  2:03  SCV  
  20  2:06  Barracks Reactor  
  21  2:10  Refinery  
  21  2:17  SCV  
  21  2:22  Supply Depot  
  22  2:56  SCV  
  22  3:01  Hellion x2  
  22  3:02  Orbital Command  
  26  3:11  Starport  
  26  3:19  Supply Depot  
  26  3:20  SCV  
  26  3:22  Hellion x2  
  26  3:23  Barracks Tech Lab  
  31  3:31  SCV  
  31  3:32  SCV  
  33  3:43  SCV  
  33  3:44  Armory  
  33  3:45  Hellion  
  33  3:46  Hellion  
  33  3:48  Concussive Shells  
  34  4:05  Marauder  
  34  4:08  SCV x2  
  34  4:09  Supply Depot  
  38  4:20  Medivac  
  38  4:23  Hellion x2  
  45  4:24  SCV x2  
  45  4:26  Marauder  
  48  4:42  SCV  
  48  4:44  Hellion x2  
  48  4:45  SCV  
  54  4:48  Marauder  
  56  5:13  Marauder  
  62  5:14  Widow Mine x2  
  62  5:27  SCV x2  
  58  5:43  Supply Depot  
  58  5:47  Hellion x2  
Tags
 
Add a new tag
Caveats
  • Supply blocks, unpowered buildings, or Contaminate may cause inaccurate times.
  • Supply counts are checked every 10 seconds.